ITL
RICHMOND FLAIRS @ TRENTON STARS
07/28/2027
 
TOP OF THE 1ST
Richmond Flairs batting - Pitching for Trenton Stars : RHP José Crus
Pitching: RHP José Crus
Batting: RHB Javier Rentería 0-0: SINGLE (Groundball, 6MD)
Batting: RHB Alberto Hernández 0-0: Called Strike
Javier Rentería steals 2nd base
0-1: SINGLE (Flyball, 8RS)
Javier Rentería to third
Runner from 3rd tries for Home, SAFE, no throw
Batting: RHB Elliott Johnston 0-0: Ball
1-0: Called Strike
1-1: Fly out, F9 (Flyball, 89D)
Batting: LHB Luis Villa 0-0: Ball
1-0: Ball
2-0: Ball
3-0: Base on Balls
Alberto Hernández to second
Batting: SHB Carlos Reyes 0-0: Ball
1-0: Called Strike
1-1: Called Strike
1-2: Foul Ball, location: 2F
1-2: Foul Ball, location: 2F
1-2: Strikes out swinging
Batting: RHB Gary Thomas 0-0: SINGLE (Groundball, 3D)
Alberto Hernández to third
Luis Villa to second
Runner from 3rd tries for Home, SAFE, no throw
Batting: RHB Freddy Padilla 0-0: Ball
1-0: Ball
2-0: SINGLE (Line Drive, 8LS)
Luis Villa to third
Gary Thomas to second
Runner from 3rd tries for Home, SAFE, no throw
Batting: RHB Christian Hudson 0-0: SINGLE (Groundball, 4MD)
Gary Thomas to third
Freddy Padilla to second
Runner from 3rd tries for Home, SAFE, no throw
Batting: RHB Ray Yates 0-0: Foul Ball, location: 2F
0-1: Called Strike
0-2: Ball
1-2: Fly out, F6 (Line Drive, 6M)
Top of the 1st over - 4 run(s), 5 hit(s), 0 error(s), 2 left on base; Richmond 4 - Trenton 0
BOTTOM OF THE 1ST
Trenton Stars batting - Pitching for Richmond Flairs : RHP Carlos Fernández
Pitching: RHP Carlos Fernández
Batting: LHB Alonzo Medine 0-0: Fly out, F9 (Line Drive, 9LM)
Batting: RHB Felipe Olivas 0-0: Ball
1-0: Fly out, F9 (Flyball, 9LMF)
Batting: RHB George Reeves 0-0: Called Strike
0-1: Fly out, F6 (Line Drive, 6)
Bottom of the 1st over - 0 run(s), 0 hit(s), 0 error(s), 0 left on base; Richmond 4 - Trenton 0
TOP OF THE 2ND
Richmond Flairs batting - Pitching for Trenton Stars : RHP José Crus
Batting: RHB Javier Rentería 0-0: Ball
1-0: SINGLE (Groundball, 6MD)
Batting: RHB Alberto Hernández 0-0: Ball
Javier Rentería is caught stealing 2nd base
1-0: Ball
2-0: Ball
3-0: Base on Balls
Batting: RHB Elliott Johnston 0-0: Foul Ball, location: 2F
0-1: Ball
1-1: SINGLE (Flyball, 89S)
Alberto Hernández to second
Batting: LHB Luis Villa 0-0: Foul Ball, location: 2F
0-1: Ball
1-1: SINGLE (Groundball, 6MD)
Alberto Hernández to third
Elliott Johnston to second
Runner from 3rd tries for Home, SAFE, throw made home
Elliott Johnston to third
Luis Villa to second
Batting: SHB Carlos Reyes 0-0: Called Strike
0-1: Fly out, F7 (Flyball, 7S)
Batting: RHB Gary Thomas 0-0: 3-RUN HOME RUN (Line Drive, 7D), Distance : 376 ft
Batting: RHB Freddy Padilla 0-0: Ball
1-0: SINGLE (Groundball, 23) (infield hit)
Pitching: RHP Bartolo Rodríguez
Batting: RHB Christian Hudson 0-0: Ball
Freddy Padilla steals 2nd base
1-0: Ground out 4-3 (Groundball, 4)
Top of the 2nd over - 4 run(s), 5 hit(s), 0 error(s), 1 left on base; Richmond 8 - Trenton 0
BOTTOM OF THE 2ND
Trenton Stars batting - Pitching for Richmond Flairs : RHP Carlos Fernández
Batting: RHB Clancy Booker 0-0: Ball
1-0: Ball
2-0: SINGLE (Groundball, 34D)
Batting: LHB Marvin Morris 0-0: Called Strike
0-1: Grounds into double play, 3-6-3 (Groundball, 3)
Batting: RHB Rafael Canales 0-0: Called Strike
0-1: SINGLE (Groundball, 56D)
Batting: LHB Lee Burton 0-0: Called Strike
0-1: Called Strike
0-2: Ball
1-2: Ground out U3 (Groundball, 34S)
Bottom of the 2nd over - 0 run(s), 2 hit(s), 0 error(s), 1 left on base; Richmond 8 - Trenton 0
TOP OF THE 3RD
Richmond Flairs batting - Pitching for Trenton Stars : RHP Bartolo Rodríguez
Batting: RHB Ray Yates 0-0: Ball
1-0: Foul Ball, location: 2F
1-1: Fly out, F9 (Flyball, 9S)
Batting: RHB Javier Rentería 0-0: Hit by Pitch
Batting: RHB Alberto Hernández 0-0: Called Strike
Javier Rentería steals 2nd base
0-1: Ball
1-1: Swinging Strike
1-2: Strikes out swinging
Batting: RHB Elliott Johnston 0-0: Called Strike
0-1: Called Strike
0-2: Ball
1-2: Ball
2-2: Strikes out swinging
Top of the 3rd over - 0 run(s), 0 hit(s), 0 error(s), 1 left on base; Richmond 8 - Trenton 0
BOTTOM OF THE 3RD
Trenton Stars batting - Pitching for Richmond Flairs : RHP Carlos Fernández
Batting: LHB Rocky Whitcomb 0-0: DOUBLE (Flyball, 8LXD)
Batting: RHB Kenji Murayama 0-0: Called Strike
0-1: Fly out, F7 (Flyball, 78M)
Batting: LHB Alonzo Medine 0-0: Foul Ball, location: 2F
0-1: Ball
1-1: Swinging Strike
1-2: Strikes out swinging
Batting: RHB Felipe Olivas 0-0: Called Strike
0-1: Ball
1-1: Foul Ball, location: 2F
1-2: Fly out, F8 (Flyball, 8RXD)
Bottom of the 3rd over - 0 run(s), 1 hit(s), 0 error(s), 1 left on base; Richmond 8 - Trenton 0
TOP OF THE 4TH
Richmond Flairs batting - Pitching for Trenton Stars : RHP Bartolo Rodríguez
Batting: LHB Luis Villa 0-0: Called Strike
0-1: Ground out 3-1 (Groundball, 34)
Batting: SHB Carlos Reyes 0-0: Ball
1-0: Foul Ball, location: 2F
1-1: Ball
2-1: Fly out, F8 (Flyball, 8RM)
Batting: RHB Gary Thomas 0-0: Ground out 6-3 (Groundball, 6)
Top of the 4th over - 0 run(s), 0 hit(s), 0 error(s), 0 left on base; Richmond 8 - Trenton 0
BOTTOM OF THE 4TH
Trenton Stars batting - Pitching for Richmond Flairs : RHP Carlos Fernández
Batting: RHB George Reeves 0-0: Called Strike
0-1: Called Strike
0-2: Fly out, F9 (Line Drive, 89M)
Batting: RHB Clancy Booker 0-0: Foul Ball, location: 2F
0-1: Ball
1-1: Ball
2-1: Ball
3-1: Base on Balls
Batting: LHB Marvin Morris 0-0: Called Strike
0-1: 2-RUN HOME RUN (Flyball, 78XD), Distance : 421 ft
Batting: RHB Rafael Canales 0-0: Ball
1-0: Ball
2-0: Ball
3-0: Base on Balls
Batting: LHB Lee Burton 0-0: Called Strike
0-1: Ball
1-1: Ball
2-1: Foul Ball, location: 2F
2-2: Foul Ball, location: 2F
2-2: Foul Ball, location: 2F
2-2: Foul Ball, location: 2F
2-2: Ball
3-2: Strikes out swinging
Batting: LHB Rocky Whitcomb 0-0: Ground out 6-3 (Groundball, 6S)
Bottom of the 4th over - 2 run(s), 1 hit(s), 0 error(s), 1 left on base; Richmond 8 - Trenton 2
TOP OF THE 5TH
Richmond Flairs batting - Pitching for Trenton Stars : RHP Bartolo Rodríguez
Batting: RHB Freddy Padilla 0-0: Ball
1-0: Called Strike
1-1: Foul Ball, location: 2F
1-2: Foul Ball, location: 2F
1-2: Ball
2-2: Fly out, F8 (Flyball, 8RM)
Batting: RHB Christian Hudson 0-0: Called Strike
0-1: Foul Ball, location: 2F
0-2: Ball
1-2: Foul Ball, location: 2F
1-2: Strikes out swinging
Batting: RHB Ray Yates 0-0: Called Strike
0-1: Swinging Strike
0-2: Ball
1-2: Strikes out swinging
Top of the 5th over - 0 run(s), 0 hit(s), 0 error(s), 0 left on base; Richmond 8 - Trenton 2
BOTTOM OF THE 5TH
Trenton Stars batting - Pitching for Richmond Flairs : RHP Carlos Fernández
Batting: RHB Kenji Murayama 0-0: Called Strike
0-1: DOUBLE (Line Drive, 7LM)
Batting: LHB Alonzo Medine 0-0: Called Strike
0-1: Ball
1-1: Foul Ball, location: 2F
1-2: Ground out 3-1 (Groundball, 34)
Kenji Murayama to third
Batting: RHB Felipe Olivas 0-0: Ball
1-0: Ground out 6-3 (Groundball, 6)
Kenji Murayama scores
Batting: RHB George Reeves 0-0: Called Strike
0-1: Swinging Strike
0-2: Strikes out swinging
Bottom of the 5th over - 1 run(s), 1 hit(s), 0 error(s), 0 left on base; Richmond 8 - Trenton 3
TOP OF THE 6TH
Richmond Flairs batting - Pitching for Trenton Stars : RHP Bartolo Rodríguez
Batting: RHB Javier Rentería 0-0: Called Strike
0-1: Ball
1-1: SINGLE (Flyball, 89M)
Batting: RHB Alberto Hernández 0-0: Ball
Javier Rentería steals 2nd base
1-0: Called Strike
1-1: Called Strike
1-2: Strikes out looking
Batting: RHB Elliott Johnston 0-0: Swinging Strike
0-1: Ball
1-1: SINGLE (Groundball, 6MD)
Javier Rentería to third
Runner from 3rd tries for Home, SAFE, no throw
Batting: LHB Luis Villa 0-0: SINGLE (Groundball, 4MD)
Elliott Johnston to second
Batting: SHB Carlos Reyes 0-0: Fly out, F6 (Flyball, 6D)
Batting: RHB Gary Thomas 0-0: Called Strike
0-1: Fly out, F9 (Flyball, 9LS)
Top of the 6th over - 1 run(s), 3 hit(s), 0 error(s), 2 left on base; Richmond 9 - Trenton 3
BOTTOM OF THE 6TH
Trenton Stars batting - Pitching for Richmond Flairs : RHP Carlos Fernández
Batting: RHB Clancy Booker 0-0: Foul Ball, location: 2F
0-1: Swinging Strike
0-2: Ball
1-2: SINGLE (Flyball, 9S)
Batting: LHB Marvin Morris 0-0: Called Strike
Clancy Booker is caught stealing 2nd base
0-1: Called Strike
0-2: Ball
1-2: SOLO HOME RUN (Flyball, 9LD), Distance : 345 ft
Batting: RHB Rafael Canales 0-0: Ball
1-0: Called Strike
1-1: Ball
2-1: SOLO HOME RUN (Flyball, 7D), Distance : 376 ft
Pitching: LHP Takaaki Omori
Batting: LHB Lee Burton 0-0: Called Strike
0-1: Ball
1-1: Swinging Strike
1-2: Strikes out swinging
Batting: LHB Rocky Whitcomb 0-0: Called Strike
0-1: Ball
1-1: SINGLE (Groundball, 4D)
Batting: RHB Kenji Murayama 0-0: Ball
1-0: Ground out 5-3 (Groundball, 56S)
Bottom of the 6th over - 2 run(s), 4 hit(s), 0 error(s), 1 left on base; Richmond 9 - Trenton 5
TOP OF THE 7TH
Richmond Flairs batting - Pitching for Trenton Stars : RHP Bartolo Rodríguez
Pitching: RHP Gilberto Martínez
Batting: RHB Freddy Padilla 0-0: Ball
1-0: Called Strike
1-1: Foul Ball, location: 2F
1-2: Foul Ball, location: 2F
1-2: Strikes out swinging
Batting: RHB Christian Hudson 0-0: Ball
1-0: Swinging Strike
1-1: Foul Ball, location: 2F
1-2: Foul Ball, location: 2F
1-2: Ball
2-2: SINGLE (Flyball, 8RS)
Batting: RHB Ray Yates 0-0: Foul Ball, location: 2F
0-1: Ball
1-1: Called Strike
1-2: Fielders Choice at 2nd, 6-4 (Groundball, 56)
Batting: RHB Javier Rentería 0-0: Ground out U3 (Groundball, 3S)
Top of the 7th over - 0 run(s), 1 hit(s), 0 error(s), 1 left on base; Richmond 9 - Trenton 5
BOTTOM OF THE 7TH
Trenton Stars batting - Pitching for Richmond Flairs : LHP Takaaki Omori
Batting: LHB Alonzo Medine 0-0: Foul Ball, location: 2F
0-1: Swinging Strike
0-2: Strikes out swinging
Batting: RHB Felipe Olivas 0-0: Ball
1-0: Foul Ball, location: 2F
1-1: Ball
2-1: Ball
3-1: Foul Ball, location: 2F
3-2: Base on Balls
Batting: RHB George Reeves 0-0: Ball
1-0: Fly out, F8 (Flyball, 8LD)
Batting: RHB Clancy Booker 0-0: Called Strike
0-1: Ball
1-1: Foul Ball, location: 2F
1-2: Ball
2-2: Fly out, F9 (Flyball, 9LSF)
Bottom of the 7th over - 0 run(s), 0 hit(s), 0 error(s), 1 left on base; Richmond 9 - Trenton 5
TOP OF THE 8TH
Richmond Flairs batting - Pitching for Trenton Stars : RHP Gilberto Martínez
Batting: RHB Alberto Hernández 0-0: Called Strike
0-1: Ball
1-1: Swinging Strike
1-2: Foul Ball, location: 2F
1-2: Ball
2-2: Ball
3-2: Foul Ball, location: 2F
3-2: Base on Balls
Batting: RHB Elliott Johnston 0-0: Ball
1-0: Grounds into double play, 4-6-3 (Groundball, 4)
Batting: LHB Luis Villa 0-0: Foul Ball, location: 2F
0-1: Called Strike
0-2: Ball
1-2: Strikes out swinging
Top of the 8th over - 0 run(s), 0 hit(s), 0 error(s), 0 left on base; Richmond 9 - Trenton 5
BOTTOM OF THE 8TH
Trenton Stars batting - Pitching for Richmond Flairs : LHP Takaaki Omori
Batting: LHB Marvin Morris 0-0: Ground out U3 (Groundball, 34)
Batting: RHB Rafael Canales 0-0: Ball
1-0: Ball
2-0: Ball
3-0: Base on Balls
Batting: LHB Lee Burton 0-0: Ball
1-0: Ball
2-0: Called Strike
2-1: Ball
3-1: Foul Ball, location: 2F
3-2: Foul Ball, location: 2F
3-2: Strikes out swinging
Batting: LHB Rocky Whitcomb 0-0: Ball
1-0: Ball
2-0: Fly out, F9 (Line Drive, 9)
Bottom of the 8th over - 0 run(s), 0 hit(s), 0 error(s), 1 left on base; Richmond 9 - Trenton 5
TOP OF THE 9TH
Richmond Flairs batting - Pitching for Trenton Stars : RHP Gilberto Martínez
Pitching: RHP José Gómez
Batting: SHB Carlos Reyes 0-0: Called Strike
0-1: Ball
1-1: Ball
2-1: Called Strike
2-2: Ball
3-2: Foul Ball, location: 2F
3-2: DOUBLE (Line Drive, 89D)
Batting: RHB Gary Thomas 0-0: Ball
1-0: Fly out, F9 (Flyball, 9LMF)
Batting: RHB Freddy Padilla 0-0: Foul Ball, location: 2F
0-1: Ball
1-1: Ground out 4-3 (Groundball, 4)
Carlos Reyes to third
Batting: RHB Christian Hudson 0-0: Ground out 6-3 (Groundball, 6)
Top of the 9th over - 0 run(s), 1 hit(s), 0 error(s), 1 left on base; Richmond 9 - Trenton 5
BOTTOM OF THE 9TH
Trenton Stars batting - Pitching for Richmond Flairs : LHP Takaaki Omori
Batting: RHB Kenji Murayama 0-0: Swinging Strike
0-1: Called Strike
0-2: SINGLE (Line Drive, 8LS)
Batting: LHB Alonzo Medine 0-0: Called Strike
0-1: Foul Ball, location: 2F
0-2: Ball
1-2: Fly out, F7 (Flyball, 7LM)
Batting: RHB Felipe Olivas 0-0: Called Strike
0-1: Ball
1-1: Fly out, F8 (Flyball, 8RS)
Batting: RHB George Reeves 0-0: Called Strike
0-1: Called Strike
0-2: Ball
1-2: SINGLE (Groundball, 6MD)
Kenji Murayama to second
Runner from 2nd tries for 3rd, OUT!
Bottom of the 9th over - 0 run(s), 2 hit(s), 0 error(s), 1 left on base; Richmond 9 - Trenton 5
Thursday, March 30th, 2017 - OOTP Baseball 17.12 Build 75